 Dungeon Crawl Stone Soup version 0.31.0-4-g52a2dc7128 (webtiles) character file.

Game seed: 6535766547929829398

713 NotYourErnst the Magician (level 7, -3/58 HPs)
             Began as a Purple Draconian Hedge Wizard on Jan 21, 2024.
             Slain by a killer bee (8 damage)
             ... on level 5 of the Dungeon.
             The game lasted 00:44:49 (6552 turns).

NotYourErnst the Magician (DrHW)                    Turns: 6552, Time: 00:44:50

Health: -3/58      AC:  6    Str: 18    XL:     7   Next: 41%
Magic:  12/15      EV: 12    Int: 16    God:
Gold:   135        SH:  0    Dex: 11    Spells: 12/17 levels left

rFire   . . .        j - +0 short sword (venom)
rCold   . . .        (no shield)
rNeg    . . .        (body armour unavailable)
rPois   +            b - +0 hat
rElec   .            (no cloak)
rCorr   .            (no gloves)
SInv    .            (no boots)
Will    +....        (no amulet)
Stlth   ++           v - ring of Lurameag {Fly rPois Str+6}
HPRegen 0.29/turn    (no ring)
MPRegen 0.14/turn

%: no passive effects
@: flying
A: breathe power, AC +6, unfitting armour, cold-blooded
a: Breathe Dispelling Energy


You were on level 5 of the Dungeon.
You visited 2 branches of the dungeon, and saw 6 of its levels.
You also visited: Sewer.

You collected 135 gold pieces.

Inventory:

Hand Weapons
 a - a +0 dagger
 e - a +0 hand axe
 j - a +0 short sword of venom (weapon)
 k - a +0 longbow
 B - a +0 shortbow
Missiles
 n - 6 poisoned darts (quivered)
Armour
 b - a +0 hat (worn)
Jewellery
 v - the ring of Lurameag (left hand) {Fly rPois Str+6}
   (You found it on level 3 of the Dungeon)

   [ring of strength]

   Str+6:     It affects your strength (+6).
   rPois:     It protects you from poison Fly: It grants you flight.
Scrolls
 d - 3 scrolls of revelation {unknown}
 i - a scroll of enchant armour {unknown}
 m - a scroll of fog {unknown}
 o - a scroll of blinking
 p - a scroll of enchant weapon {unknown}
 q - a scroll of amnesia {unknown}
 r - a scroll of poison {unknown}
 s - a scroll of noise {unknown}
 t - a scroll of brand weapon {unknown}
 x - 6 scrolls of identify {unknown}
 y - 4 scrolls of fear {unknown}
 A - a scroll of teleportation {unknown}
Potions
 c - a potion of magic
 f - 3 potions of heal wounds {unknown}
 g - a potion of haste {unknown}
 h - 4 potions of curing {unknown}
 l - 2 potions of cancellation {unknown}
 u - a potion of resistance {unknown}
 w - a potion of enlightenment {unknown}
 z - 2 potions of mutation {unknown}


   Skills:
 * Level 3.9 Fighting
 - Level 2.0 Dodging
 * Level 4.3 Stealth
 * Level 5.9 Spellcasting
 + Level 2.7 Conjurations
 + Level 2.5 Summonings
 - Level 1.0 Translocations
 + Level 1.2 Fire Magic


You had 12 spell levels left.
You knew the following spells:

 Your Spells              Type           Power      Damage    Failure   Level
a - Magic Dart            Conj           52%        1d5       4%          1
e - Call Imp              Summ           24%        N/A       8%          2
j - Blink                 Tloc           16%        N/A       14%         2

Your spell library contained the following spells:

 Spells                   Type           Power      Damage    Failure   Level
 Summon Small Mammal      Summ           48%        N/A       4%          1
 Scorch                   Fire           16%        2d5       13%         2
 Slow                     Hex            16%        N/A       14%         1
 Lesser Beckoning         Tloc           16%        N/A       14%         2
 Call Canine Familiar     Summ           12%        N/A       14%         3
 Cigotuvi's Dreadful Rot  Necr/Alch/Air  8%         N/A       22%         2
 Ensorcelled Hibernation  Hex/Ice        8%         N/A       22%         2
 Gell's Gravitas          Tloc           8%         N/A       26%         3
 Teleport Other           Tloc           8%         N/A       26%         3
 Mephitic Cloud           Conj/Alch/Air  7%         N/A       28%         3
 Fugue of the Fallen      Necr           4%         N/A       38%         3
 Flame Wave               Conj/Fire      11%        2d6       52%         4
 Summon Blazeheart Golem  Fire/Summ      10%        N/A       54%         4
 Anguish                  Hex/Necr       2%         N/A       80%         4
 Summon Cactus Giant      Summ           6%         N/A       100%        6


Dungeon Overview and Level Annotations

Branches:
Dungeon (5/15)             Temple (1/1) D:4           Sewer (visited)

Altars:
Cheibriados
Dithmenos
Fedhas
Gozag
Makhleb
Nemelex Xobeh
Okawaru
Ru
Sif Muna
Trog
Uskayaw
Xom
Zin
The Shining One

Annotations:
D:5 Sif: 3 books behind glass


Innate Abilities, Weirdness & Mutations

You can breathe bolts of dispelling energy.
Your rich purple scales are hard. (AC +6)
You cannot fit into any form of body armour.
You are cold-blooded and may be slowed by cold attacks.


Message History

The killer bee stings you.
* * * LOW HITPOINT WARNING * * *
You hit the killer bee.
The killer bee is poisoned.
Your tail-slap misses the killer bee.
The killer bee is moderately wounded.
You feel sick. The killer bee barely misses you. The killer bee stings you.
* * * LOW HITPOINT WARNING * * *
Casting: Magic Dart (safe; 4% risk of failure)
Confirm with . or Enter, or press ? or * to list all spells.
A tiny devil pulls itself out of the air.
You feel sick.
You kill the killer bee!
The killer bee stings you but does no damage.
You feel sick.
The killer bee attacks as it pursues you!
The killer bee barely misses you.
The killer bee stings you but does no damage.
Your cerulean imp barely misses the killer bee.
You swap places.
You feel sick.
The killer bee barely misses your cerulean imp.
The killer bee stings your cerulean imp.
Your cerulean imp closely misses the killer bee.
You feel sick.
The killer bee stings your cerulean imp.
The killer bee barely misses your cerulean imp.
Your cerulean imp closely misses the killer bee.
You feel sick.
The killer bee stings your cerulean imp.
The killer bee stings your cerulean imp but does no damage.
Your cerulean imp hits the killer bee with a -3 spear.
You feel sick.
You are no longer poisoned.
The killer bee stings your cerulean imp.
Your cerulean imp dies!
Your cerulean imp disappears in a puff of smoke!
Casting: Call Imp (safe; 8% risk of failure)
Confirm with . or Enter, or press ? or * to list all spells.
A tiny devil pulls itself out of the air.
The killer bee stings you!
You die...

#....### #######.#
#.#..# # #....y..#
#.#..# #.#####.#
#.#..###
#.###########.#....#
#.##............####
#.##.########.######
#.##.# #.......
#.y@5# ########
######


You could see a killer bee (ally target) and a friendly cerulean imp (summoned).

Vanquished Creatures
  A centaur (D:5)
  A phantom (D:4)
  2 bullfrogs (Sewer)
  2 killer bees (D:5)
  2 hounds (D:4)
  An orc priest (D:4)
  Jessica (D:2)
  An iguana (D:5)
  Terence (D:3)
  3 adders
  2 river rats (D:3)
  3 ribbon worms
  3 dart slugs (Sewer)
  4 orcs (D:4)
  4 bats
  18 endoplasms
  11 giant cockroaches
  8 goblins
  3 hobgoblins
  9 jackals (D:1)
  4 quokkas (D:1)
  12 ball pythons
  12 frilled lizards
  10 kobolds
  2 rats (D:3)
120 creatures vanquished.

Vanquished Creatures (collateral kills)
  A dart slug (Sewer)
  A ball python (Sewer)
  2 frilled lizards (Sewer)
4 creatures vanquished.

Grand Total: 124 creatures vanquished

Notes
Turn   | Place    | Note
-------+----------+-------------------------------------------
     0 | D:1      | NotYourErnst the Draconian Hedge Wizard began the quest for
                  | the Orb.
     0 | D:1      | Reached XP level 1. HP: 14/14 MP: 4/4
   414 | D:1      | Reached XP level 2. HP: 14/20 MP: 3/6
   923 | D:1      | Reached XP level 3. HP: 27/27 MP: 2/8
  1560 | D:2      | Reached skill level 1 in Fighting
  1576 | D:2      | Noticed Jessica
  1598 | D:2      | Killed Jessica
  1642 | D:2      | Found an iron altar of Okawaru.
  1666 | D:2      | Reached XP level 4. HP: 35/35 MP: 4/9
  2406 | D:3      | Found a glowing drain.
  2500 | Sewer    | Entered a sewer
  2946 | Sewer    | Learned a level 2 spell: Call Imp
  2949 | Sewer    | Learned a level 2 spell: Blink
  2970 | Sewer    | Reached skill level 4 in Spellcasting
  2971 | Sewer    | Reached XP level 5. HP: 28/41 MP: 7/11
  3711 | Sewer    | Reached XP level 6. HP: 20/50 MP: 7/12
  4166 | D:3      | Noticed Terence
  4194 | D:3      | Killed Terence
  4276 | D:3      | Identified the ring of Lurameag {Fly rPois Str+6}
  5524 | D:4      | Found a staircase to the Ecumenical Temple.
  5558 | Temple   | Entered the Ecumenical Temple
  5723 | D:4      | Your scales start taking on a rich purple colour.
  5723 | D:4      | Reached skill level 5 in Spellcasting
  5723 | D:4      | Reached XP level 7. HP: 26/57 MP: 11/15
  6225 | D:5      | Entered Level 5 of the Dungeon
  6240 | D:5      | Found a shimmering blue altar of Sif Muna.
  6257 | D:5      | D5: Fedhas 3 books behind glass
  6354 | D:5      | Reached skill level 1 in Fire Magic
  6471 | D:5      | Found a burning altar of Makhleb.
  6475 | D:5      | Noticed a blizzard demon
  6476 | D:5      | Found a glowing silver altar of Zin.
  6477 | D:5      | Noticed an angel
  6552 | D:5      | Slain by a killer bee

Illustrated notes

. .. .. .#
########..# .###
#.......# .....
+....@..+
#....###..######
#.......# ###
##.#..### :::#
#....#######
#.##.#.....#
#.##.+.._.)#
#.####.....# #.#
######


Turn 6257 on D:5: D5: Fedhas 3 books behind glass

Levels and vault maps discovered:
D:1:      erik_arrival_orb_chamber, layout_loops_corners, kennysheep_doodads,
          hangedman_decor_lopped, chequers_serial_rivers_marsh
D:2:      layout_rooms, basic_altar, hangedman_abyss_or_decor_stabs,
          uniq_jessica
D:3:      layout_basic, portal_sewer_entry_b, st_stairs_14, grunt_ministairs_1,
          hangedman_decor_peaks_small, uniq_terence
D:4:      layout_loops_ring, minmay_temple_entry_nine_rooms
D:5:      layout_basic, grunt_temple_overflow_order_and_chaos_2,
          nicolae_sif_muna_little_library, uniq_duvessa
Temple:   chequers_temple_sunken

Skill      XL: |  1  2  3  4  5  6  7 |
---------------+----------------------+-----
Stealth        | 2 3 4 |  4.3
Fighting       | 1 2 3 |  3.9
Dodging        | 2 |  2.0
Spellcasting   | 4 5 |  5.9
Conjurations   | 2 |  2.7
Summonings     | 2 |  2.5
Fire Magic     | 1 |  1.2
Translocations | |  1.0

Action                     |  1- 3 |  4- 6 |  7- 9 || total
---------------------------+-------+-------+-------++-------
  Melee: Dagger            |    81 |       |       ||    81
         Tailslap          |     7 |    33 |     4 ||    44
         Short sword       |     7 |   203 |    22 ||   232
         Punch             |     2 |     3 |       ||     5
  Throw: Dart              |       |     4 |       ||     4
   Cast: Magic Dart        |    62 |   142 |     4 ||   208
         Call Imp          |       |     3 |     3 ||     6
Ability: Breathe Dispellin |       |       |     1 ||     1
   Stab: Sleeping          |     1 |     1 |       ||     2
 Armour: Skin              |    44 |   126 |    30 ||   200
  Dodge: Dodged            |    76 |   116 |    21 ||   213
